AoeStats
← 哩來

Arabia

510513347Analyzed
1v1 RM · 2d ago on Oct 1, 2026· 69m 34s· 2 players
Game mode
Random Map
Map size
Tiny (2 player)
Population
200
Speed
Normal
Resources
Standard
Victory
Conquest
Starting age
Dark Age
Ending age
Imperial Age
RankedLock teamsTeams togetherTeam positionsShared explorationLock speedFull tech treeHidden civsTurbo modeCheats
Victory
Defeat
🇻🇳 Ethiopians · Vietnam
1045
+14
🇹🇼 Khmer · Taiwan
1005
-14
哩來
10:04 Loom
11:50 Feudal Age
16:00 Double-Bit Axe
22:01 Castle Age
20:23 Fletching
20:37 Padded Archer Armor
23:38 Leather Archer Armor
23:19 Bodkin Arrow
26:05 Bloodlines
25:56 Husbandry
26:10 Scale Barding Armor
26:15 Forging
25:59 Elite Skirmisher
30:49 Gold Mining
33:55 Wheelbarrow
34:30 Stone Mining
35:17 Gold Shaft Mining
34:54 Bow Saw
34:27 Horse Collar
36:09 Pikeman
37:07 Hand Cart
37:25 Chain Barding Armor
37:40 Iron Casting
39:26 Heavy Plow
40:24 Iron Casting
39:49 Scale Mail Armor
44:24 Imperial Age
41:40 Town Watch
42:22 Town Patrol
44:55 Cavalier
47:36 Chemistry
47:54 Bracer
48:24 Ring Archer Armor
49:33 Chain Mail Armor
52:17 Plate Barding Armor
52:42 Blast Furnace
51:34 Halberdier
53:57 Conscription
57:48 Ring Archer Armor
66:46 Stone Shaft Mining
68:27 Elite Battle Elephant
KẻKhátMáu
6:32 Loom
9:54 Feudal Age
10:11 Man-at-Arms
13:11 Double-Bit Axe
13:09 Horse Collar
19:31 Castle Age
18:48 Fletching
18:51 Gold Mining
20:34 Bow Saw
20:26 Heavy Plow
19:56 Crossbowman
22:44 Padded Archer Armor
27:46 Bodkin Arrow
28:36 Wheelbarrow
28:52 Leather Archer Armor
31:02 Scale Barding Armor
31:10 Elite Skirmisher
32:05 Forging
34:13 Elite Skirmisher
37:08 Chain Barding Armor
38:46 Royal Heirs
42:14 Imperial Age
42:42 Gold Shaft Mining
42:20 Arbalester
43:58 Torsion Engines
46:10 Chemistry
46:15 Two-Man Saw
47:59 Thumb Ring
47:56 Bracer
48:27 Ring Archer Armor
47:46 Heavy Camel Rider
48:45 Hand Cart
49:17 Iron Casting
49:08 Ballistics
48:38 Light Cavalry
48:47 Light Cavalry
51:31 Conscription
53:09 Hussar
55:52 Blast Furnace
54:49 Murder Holes
59:31 Scale Mail Armor
59:43 Masonry
62:07 Halberdier
Connection lost

Rejoining the realm…

Still unreachable

The connection could not be restored.

Session expired

The server has moved on; the page needs a fresh start.